 Dungeon Crawl Stone Soup version 0.20-a0-945-g3bf614a (webtiles) character file.

576 nikopol the Skirmisher (level 7, -1/44 HPs)
             Began as a Gargoyle Berserker on Apr 1, 2017.
             Was a Priest of Trog.
             Killed by divine providence
             ... invoked by an orc priest
              (14 damage)
             ... on level 5 of the Dungeon.
             The game lasted 00:07:33 (3773 turns).

nikopol the Skirmisher (Gargoyle Berserker)         Turns: 3773, Time: 00:07:35

Health: -1/44      AC: 12    Str: 21    XL:     7   Next: 35%
Magic:  7/7        EV: 12    Int:  9    God:    Trog [***...]
Gold:   249        SH:  0    Dex: 11    Spells: 6/6 levels left

rFire    . . .     SeeInvis .   a - +0 hand axe
rCold    . . .     Gourm    .   (no shield)
rNeg     + . .     Faith    .   g - +0 ring mail
rPois    ∞         Spirit   .   (no helmet)
rElec    +         Reflect  .   x - +0 cloak
rCorr    .         Harm     .   (no gloves)
MR       ++...     Rnd*Tele +   (no boots)
Stlth    +.........             (no amulet)
Regen    1.2/turn               v - +2 ring of intelligence
MPRegen  0.1/turn               y - ring of teleportation (curse)

@: exhausted, regenerating, slowed, very slow
A: negative energy resistance 1, electricity resistance, unbreathing,
petrification resistance, rot immunity, AC +4
a: Berserk, Trog's Hand, Burn Spellbooks, Renounce Religion


You were on level 5 of the Dungeon.
You worshipped Trog.
Trog was most pleased with you.
You were very hungry.

You visited 1 branch of the dungeon, and saw 5 of its levels.

You collected 249 gold pieces.

Inventory:

Hand Weapons
 a - a +0 hand axe (weapon)
Missiles
 k - 92 arrows (quivered)
Armour
 b - a +0 animal skin
 e - a +0 plate armour of magic resistance
 g - a +0 ring mail (worn)
 x - a +0 cloak (worn)
Jewellery
 v - a +2 ring of intelligence (left hand)
 y - a cursed ring of teleportation (right hand)
Wands
 t - a wand of disintegration (4/24)
Scrolls
 d - a scroll of enchant armour {unknown}
 l - 7 scrolls of identify {unknown}
 m - a scroll of teleportation {unknown}
 o - 2 scrolls of remove curse {unknown}
 q - 2 scrolls of recharging {unknown}
 s - a scroll of fog {unknown}
Potions
 f - a potion of ambrosia {unknown}
 h - a potion of brilliance {unknown}
 i - a potion of might {unknown}
 j - 5 potions of curing {unknown}
 n - a potion of invisibility {unknown}
 r - a potion of cancellation {unknown}
Comestibles
 c - 4 bread rations
 p - a royal jelly
 u - 3 fruits
 w - a meat ration
 z - a chunk of flesh


   Skills:
 + Level 5.5 Fighting
 + Level 4.3 Axes
 + Level 4.6 Armour
 + Level 3.3 Dodging


You had 6 spell levels left.
You didn't know any spells.

Dungeon Overview and Level Annotations

Branches:
Dungeon (5/15)             Temple (0/1) D:4

Altars:
Ashenzari
Dithmenos
Elyvilon
Uskayaw


Innate Abilities, Weirdness & Mutations

You are resistant to torment.
Your stone body is resilient. (AC +4)
You are immune to poison.
You resist negative energy. (rN+)
You are resistant to electric shocks. (rElec)
You can survive without breathing.
You are immune to petrification.
You are immune to rotting.


Message History

You feel somewhat more hungry.
The orc wizard shouts!
An orc wizard comes into view. It is wielding a dagger.
An orc comes into view. It is wielding a club.
The orc wizard shouts!
The orc shouts!
The orc priest looks encouraged for a moment.
A hound comes into view.
The orc wizard looks encouraged for a moment.
The orc priest looks braver for a moment.
The orc closely misses you. The hound bites you but does no damage.
The orc priest mumbles some strange prayers to Beogh against you.
Beogh smites you!
* * * LOW HITPOINT WARNING * * *
The orc wizard mumbles some strange words.
The orc wizard seems to speed up.
The hound bites you but does no damage.
The orc wizard hits you but does no damage.
The orc priest invokes the aid of Beogh against you.
Beogh smites you!
You die...

#.# .... .# #.#
.... .# ..... ..
.....#+## .#
##.........#
........#..#
#......$.#
#....@#+########
#.#.#ho.....[..# #
#ooo.(.....#
+#..........#
........$†(..)#
.........)o)..#
...............#
.........###.......
.........# #.######


You could see a hound, an orc priest, 2 orc wizards and 2 orcs.

Vanquished Creatures
  Grinder (D:3)
  A phantom (D:4)
  An ogre (D:4)
  An orc priest (D:5)
  An iguana (D:4)
  2 worker ants (D:5)
  2 adders
  2 dart slugs
  4 worms
  2 leopard geckos
  3 orcs
  8 giant cockroaches
  11 goblins
  9 hobgoblins
  4 jackals
  8 kobolds
  A quokka (D:3)
  3 ball pythons (D:2)
  10 bats
  3 frilled lizards
  4 rats
81 creatures vanquished.

Notes
Turn   | Place    | Note
-------+----------+-------------------------------------------
     0 | D:1      | nikopol the Gargoyle Berserker began the quest for the Orb.
     0 | D:1      | Reached XP level 1. HP: 14/14 MP: 1/1
   187 | D:1      | Reached XP level 2. HP: 18/19 MP: 2/2
   670 | D:1      | Reached XP level 3. HP: 22/24 MP: 3/3
  1030 | D:2      | Reached ** piety under Trog
  1418 | D:2      | Reached skill level 4 in Fighting
  1418 | D:2      | Reached XP level 4. HP: 23/29 MP: 4/4
  1465 | D:2      | Found a shadowy altar of Dithmenos.
  1725 | D:2      | Found a white marble altar of Elyvilon.
  1952 | D:3      | Reached *** piety under Trog
  2094 | D:3      | Noticed Grinder
  2107 | D:3      | Paralysed by Grinder for 4 turns
  2116 | D:3      | Killed Grinder
  2116 | D:3      | Reached XP level 5. HP: 6/34 MP: 5/5
  2116 | D:3      | Reached XP level 6. HP: 7/40 MP: 6/6
  2722 | D:4      | Noticed a phantom
  2763 | D:4      | Reached skill level 5 in Fighting
  3073 | D:4      | Killed a phantom
  3073 | D:4      | Reached XP level 7. HP: 25/44 MP: 7/7
  3270 | D:4      | Found a staircase to the Ecumenical Temple.
  3667 | D:4      | Found a shattered altar of Ashenzari.
  3667 | D:4      | Found a hide-covered altar of Uskayaw.
  3685 | D:5      | Entered Level 5 of the Dungeon
  3773 | D:5      | Killed from afar by an orc priest

Vault maps used:
D:1:      shiori_arrival_oz
D:2:      nicolae_dithmenos_through_a_glass_darkly, lemuel_crystal_altar,
          first_bread, minmay_pentomino_w4
D:3:      uniq_grinder
D:4:      gammafunk_temple_overflow_wave, minmay_temple_entry_overgrown
D:5:      kennysheep_big_empty_room

Skill      XL: |  1  2  3  4  5  6 |
---------------+-------------------+-----
Axes           | 3 4 |  4.3
Dodging        | 2 3 |  3.3
Fighting       | 4 5 |  5.5
Armour         | 3 4 |  4.6

Action                   |  1- 3 |  4- 6 |  7- 9 || total
-------------------------+-------+-------+-------++-------
Melee: Hand axe          |   138 |   165 |    49 ||   352
Invok: Berserk           |       |     2 |     1 ||     3
       Burn Spellbooks   |       |       |     1 ||     1
       Trog's Hand       |       |       |     1 ||     1
  Eat: Chunk             |     2 |     7 |     2 ||    11
Armor: Animal skin       |    13 |       |       ||    13
       Ring mail         |    47 |    77 |    26 ||   150
Dodge: Dodged            |    97 |    87 |    38 ||   222
